Map: Храм во льдах

Players

FreeZ - Winner!

  • Race: Terran Terran
  • League: Diamond
  • Spawn Location: 11:00

FirstBee

  • Race: Zerg Zerg
  • League: Diamond
  • Spawn Location: 5:00

VOD

Have the link to the VOD?

Description

Time

  • Played on: Feb. 23, 2017, 12:19 p.m.
  • Length: 9:32
Show
View Real Time Build Order
Export as new Build Order

FreeZ Terran - Winner!

Build Orders: Reaper Expand, MMM Bio 

Get SALT Encoding   

  12  0:01  SCV  
  13  0:13  SCV  
  14  0:17  Supply Depot  
  14  0:25  SCV  
  15  0:39  SCV  
  15  0:40  Barracks  
  16  0:45  Refinery  
  16  0:51  SCV  
  17  1:03  SCV  
  18  1:15  SCV  
  19  1:28  Orbital Command, Reaper  
  20  1:43  Command Center  
  20  1:54  SCV  
  20  2:01  Barracks Reactor  
  21  2:03  Supply Depot  
  21  2:06  SCV  
  22  2:14  Barracks  
  22  2:20  Bunker, SCV  
  23  2:31  Factory  
  23  2:32  SCV  
  24  2:41  Marine x2  
  25  2:44  SCV  
  25  2:46  Refinery  
  26  2:53  Supply Depot  
  26  2:56  SCV  
  27  2:58  SCV  
  27  2:59  Marine  
  27  3:01  Barracks Tech Lab  
  27  3:04  Marine  
  30  3:09  SCV  
  31  3:14  SCV  
  32  3:20  Marine x2, Stimpack  
  32  3:22  SCV  
  35  3:36  SCV, Starport  
  35  3:37  SCV  
  35  3:41  Marine, Engineering Bay  
  37  3:45  Marine  
  37  3:46  Marine  
  40  3:49  SCV  
  40  3:53  Supply Depot  
  40  3:54  Factory Reactor  
  41  3:57  SCV  
  41  4:02  SCV  
  43  4:05  Marine x2  
  43  4:06  Marine  
  46  4:11  Orbital Command  
  46  4:18  SCV  
  46  4:23  Marine, Terran Infantry Weapons Level 1  
  48  4:24  Marine x2  
  48  4:30  SCV  
  51  4:35  Medivac x2  
  55  4:41  Marine  
  55  4:42  SCV  
  55  4:43  Marine x2  
  59  4:48  SCV  
  60  4:55  Supply Depot  
  60  4:58  Factory Tech Lab  
  60  5:01  Command Center  
  60  5:04  SCV  
  58  5:13  Marine x2  
  60  5:16  SCV x2  
  62  5:24  Medivac  
  64  5:28  SCV  
  64  5:31  Marine x2  
  64  5:33  Siege Tank  
  64  5:35  Barracks  
  70  5:41  Refinery  
  70  5:43  Supply Depot  
  70  6:00  Supply Depot  
  70  6:04  SCV, Marine x3  
  70  6:05  SCV  
  75  6:17  SCV x2  
  76  6:18  SCV  
  76  6:22  Marine x3  
  72  6:29  SCV  
  72  6:34  Medivac, Barracks Reactor  
  72  6:35  Orbital Command  
  72  6:37  Engineering Bay  
  72  6:38  Armory  
  74  6:40  Supply Depot, Marine x3  
  76  6:52  Orbital Command  
  76  6:53  Combat Shields  
  75  6:58  Marine  
  75  6:59  Marine x2, Barracks  
  75  7:00  Siege Tank  
  75  7:01  Barracks  
  81  7:02  SCV  
  81  7:04  Terran Infantry Armor Level 1  
  81  7:05  Supply Depot  
  81  7:08  SCV  
  83  7:15  Marine x3  
  83  7:17  Marine  
  82  7:29  Marine  
  83  7:32  SCV x2  
  83  7:33  SCV, Marine x3  
  83  7:36  Medivac  
  91  7:37  Marine  
  91  7:38  Siege Tank  
  91  7:41  Supply Depot  
  91  7:42  Supply Depot  
  95  7:44  SCV  
  95  7:47  SCV, Marine  
  95  7:48  Supply Depot  
  97  7:51  Marine x3  
  97  7:57  Marine  
  101  8:00  Marine  
  99  8:20  Marine x4  
  99  8:21  Marine x2, Barracks Reactor  
  102  8:27  Siege Tank  
  102  8:30  Supply Depot, SCV  
  105  8:38  Marine x4  
  100  8:41  Marine x2  
  93  8:56  Marine x4  
  93  8:59  Marine, Siege Tank  
  93  9:02  Marine x2  
  103  9:05  SCV  
Show
View Real Time Build Order
Export as new Build Order

FirstBee Zerg 

Build Orders: Pool First, Muta Ling Bane 

Get SALT Encoding   

  12  0:01  Drone  
  13  0:14  Overlord  
  13  0:18  Drone  
  14  0:33  Drone x2  
  16  0:36  Drone  
  17  0:47  Spawning Pool  
  17  0:49  Drone  
  17  1:10  Hatchery  
  16  1:13  Drone  
  16  1:15  Drone  
  18  1:34  Queen  
  18  1:36  Drone, Overlord  
  21  1:40  Extractor  
  20  1:48  Zergling x2  
  20  1:52  Drone  
  22  2:12  Zergling x2  
  22  2:26  Drone x3  
  22  2:28  Queen  
  22  2:29  Queen  
  29  2:42  Drone  
  29  2:46  Drone  
  29  2:47  Drone x2  
  32  2:54  Metabolic Boost  
  32  2:58  Drone x2  
  32  2:59  Drone x2  
  36  3:13  Hatchery  
  36  3:15  Overlord  
  36  3:16  Drone  
  36  3:21  Evolution Chamber  
  35  3:29  Overlord  
  35  3:33  Evolution Chamber  
  35  3:34  Extractor  
  33  3:36  Extractor  
  33  3:39  Zergling x8  
  36  3:46  Drone x3  
  39  3:53  Zerg Melee Weapons Level 1  
  39  4:07  Zerg Ground Armor Level 1  
  39  4:24  Drone x5  
  40  4:25  Drone x3  
  47  4:35  Drone x3  
  50  4:40  Zergling x4  
  50  4:41  Zergling x2  
  53  4:47  Baneling Nest  
  52  5:00  Drone x2  
  52  5:01  Zergling x8  
  56  5:18  Drone  
  56  5:21  Zergling x2  
  58  5:22  Overlord x3  
  58  5:23  Overlord  
  58  5:26  Lair  
  56  5:29  Drone  
  56  5:30  Drone, Extractor  
  56  5:32  Baneling  
  56  5:33  Baneling x5  
  57  5:57  Zergling x2  
  57  5:58  Zergling x20  
  62  6:29  Drone  
  62  6:30  Drone x12  
  73  6:33  Spire  
  73  6:35  Zerg Ground Armor Level 2, Zerg Melee Weapons Level 2  
  70  6:50  Queen  
  70  6:52  Centrifical Hooks  
  72  6:56  Drone  
  72  6:57  Overlord  
  72  6:58  Overlord  
  72  7:00  Extractor  
  72  7:02  Extractor  
  71  7:09  Drone x2  
  66  7:25  Zergling x2  
  66  7:26  Zergling x24  
  67  7:45  Baneling x2  
  67  7:46  Baneling x8  
  67  7:47  Mutalisk x2  
  67  7:48  Mutalisk x2  
  67  7:50  Hatchery  
  74  7:52  Overlord  
  74  7:56  Baneling x2  
  68  8:16  Zergling x18  
  72  8:29  Queen  
  68  8:36  Queen  
  62  8:42  Mutalisk x4  
  57  8:53  Zergling x2  
  57  8:54  Zergling x2  
Tags
 
Add a new tag
Caveats
  • Supply blocks, unpowered buildings, or Contaminate may cause inaccurate times.
  • Supply counts are checked every 10 seconds.